 Dungeon Crawl Stone Soup version 0.18.1-8-gdd0e5ea (webtiles) character file.

41 matakusis the Magician (level 3, -1/19 HPs)
             Began as a Deep Elf Wizard on June 10, 2016.
             Slain by a jackal (3 damage)
             ... on level 2 of the Dungeon.
             The game lasted 00:06:52 (1726 turns).

matakusis the Magician (Deep Elf Wizard)            Turns: 1726, Time: 00:06:52

Health: -1/19      AC:  2    Str:  4    XL:     3   Next: 32%
Magic:  4/11       EV: 13    Int: 23    God:
Gold:   115        SH:  0    Dex: 13    Spells: 3 memorised, 7 levels left

rFire  . . .     SeeInvis .     e - +0 short sword
rCold  . . .     Gourm    .     a - +0 robe
rNeg   . . .     Faith    .     (no shield)
rPois  .         Spirit   .     b - +0 hat
rElec  .         Dismiss  .     (no cloak)
rCorr  .         Reflect  .     (no gloves)
SustAt .         Harm     .     (no boots)
MR     .....                    (no amulet)
Stlth  ++........               (no ring)
                                (no ring)

@: not resistant to hostile enchantments, unstealthy
A: no striking features
a: no special abilities


You were on level 2 of the Dungeon.
You were very hungry.

You visited 1 branch of the dungeon, and saw 2 of its levels.

You collected 115 gold pieces.

Inventory:

Hand Weapons
 e - a +0 short sword (weapon)
Missiles
 h - 8 curare-tipped needles
Armour
 a - a +0 robe (worn)
 b - a +0 hat (worn)
Scrolls
 f - a scroll of recharging {unknown}
 i - a scroll of fog {unknown}
 j - 2 scrolls of magic mapping {unknown}
 l - 2 scrolls of teleportation {unknown}
 m - a scroll of identify {unknown}
 o - a scroll of remove curse {unknown}
Potions
 g - a potion of magic {unknown}
Books
 c - a book of Minor Magic

   Spells                             Type                      Level
   a - Magic Dart                     Conjuration                  1
   b - Blink                          Translocation                2
   c - Call Imp                       Summoning                    2
   d - Repel Missiles                 Charms/Air                   2
   e - Slow                           Hexes                        2
   f - Conjure Flame                  Conjuration/Fire             3
   g - Mephitic Cloud                 Conjuration/Poison/Air       3
Comestibles
 d - 2 bread rations
 k - 4 fruits
 n - a slice of pizza


   Skills:
 + Level 2.6 Dodging
 - Level 2.4 Stealth
 + Level 5.4 Spellcasting
 + Level 1.8 Conjurations
 + Level 1.8 Summonings
 - Level 1.1 Translocations


You had 7 spell levels left.
You knew the following spells:

 Your Spells              Type           Power        Failure   Level  Hunger
a - Magic Dart            Conj           ##..         4%          1    None
b - Call Imp              Summ           ##......     10%         2    None
c - Blink                 Tloc           N/A          12%         2    None


Dungeon Overview and Level Annotations

Branches:
Dungeon (2/15)

Altars:


Message History

Your crimson imp hits the jackal.
Your crimson imp hits the jackal but does no damage.
The jackal barely misses your crimson imp.
You miss the jackal.
The jackal is severely wounded.
The jackal closely misses you.
Your crimson imp hits the jackal but does no damage. x2
Your crimson imp misses the jackal.
The gnoll hits you from afar with a spear.
A gnoll comes into view. It is wielding a spear.
You closely miss the jackal.
The jackal is severely wounded.
The jackal bites you.
Your crimson imp blinks!
Your crimson imp closely misses the jackal.
Your crimson imp completely misses the jackal.
The gnoll hits you from afar with a spear.
* * * LOW HITPOINT WARNING * * *
The jackal bites you.
You die...

... .....##...
##.....$..## #..##...
g..>....#### #......†
............. #.......
.........##...###..##..#
....)....# #...#..##.#_
.....g5..# ####...##...#
.......h.###............
#.....5@§...............
........)#..............
.........#..............
.........#..5...........
.........#..............
.........#.....(........
#......5###.............
##.....## ##.....#.....#
#############


You could see 2 gnolls, a jackal and 3 friendly crimson imps.

Vanquished Creatures
  2 dart slugs (D:1)
  2 bats (D:1)
  A giant cockroach (D:1)
  3 goblins (D:1)
  4 hobgoblins (D:1)
  5 kobolds
  A rat (D:1)
18 creatures vanquished.

Vanquished Creatures (collateral kills)
  A gnoll (D:2)
  A giant cockroach (D:1)
  A goblin (D:1)
  4 hobgoblins
  3 jackals (D:2)
  4 kobolds
  A quokka (D:2)
  2 bats
  A giant newt (D:1)
18 creatures vanquished.

Grand Total: 36 creatures vanquished

Notes
Turn   | Place    | Note
--------------------------------------------------------------
     0 | D:1      | matakusis the Deep Elf Wizard began the quest for the Orb.
     0 | D:1      | Reached XP level 1. HP: 10/10 MP: 7/7
   586 | D:1      | Reached skill level 5 in Spellcasting
   586 | D:1      | Reached XP level 2. HP: 6/15 MP: 2/10
   752 | D:1      | Learned a level 2 spell: Call Imp
   755 | D:1      | Learned a level 2 spell: Blink
  1420 | D:1      | Reached XP level 3. HP: 19/19 MP: 3/11
  1657 | D:2      | Found a faded altar to an unknown god.
  1726 | D:2      | Slain by a jackal

Skill      XL: |  1 |
---------------+----+-----
Spellcasting   | 5 |  5.4
Dodging        | |  2.6
Stealth        | |  2.4
Conjurations   | |  1.8
Summonings     | |  1.8
Translocations | |  1.1

Action                   || total
-------------------------++-------
Melee: Unarmed           ||     4
       Short sword       ||     7
 Cast: Magic Dart        ||    44
       Call Imp          ||    24
 Stab: Sleeping          ||     1
  Eat: Chunk             ||     1
Armor: Robe              ||     2
Dodge: Dodged            ||    15
